 Dungeon Crawl Stone Soup version 0.25.0-9-g26727b657a (webtiles) character file.

Game seed: 435440875777526514

185 Delamore the Cudgeler (level 5, -3/32 HPs)
             Began as a Gargoyle Fighter on June 19, 2020.
             Was an Initiate of Qazlal.
             Slain by an orc warrior
             ... wielding a +0 hand axe
              (10 damage)
             ... on level 2 of the Dungeon.
             The game lasted 00:03:00 (1928 turns).

Delamore the Cudgeler (Gargoyle Fighter)            Turns: 1928, Time: 00:03:01

Health: -3/32      AC: 17    Str: 21    XL:     5   Next: 64%
Magic:  0/5        EV:  5    Int:  8    God:    Qazlal [......]
Gold:   149        SH:  9    Dex:  9    Spells: 4/4 levels left

rFire    . . .     SeeInvis .   a - +0 flail
rCold    . . .     Gourm    .   c - +0 kite shield
rNeg     + . .     Faith    .   q - +4 chain mail {rPois}
rPois    ∞         Spirit   +   (no helmet)
rElec    +         Reflect  .   (no cloak)
rCorr    .         Harm     .   (no gloves)
MR       .....                  (no boots)
Stlth    ..........             o - amulet of guardian spirit
HPRegen  0.10/turn              l - ring of wizardry
MPRegen  0.09/turn              (no ring)

@: no status effects
A: negative energy resistance 1, electricity resistance, unbreathing,
petrification resistance, rot immunity, AC +4
a: Renounce Religion


You were on level 2 of the Dungeon.
You worshipped Qazlal.
Qazlal was noncommittal.
You were not hungry.

You visited 1 branch of the dungeon, and saw 4 of its levels.

You collected 149 gold pieces.

Inventory:

Hand Weapons
 a - a +0 flail (weapon)
Armour
 b - a +0 scale mail
 c - a +0 kite shield (worn)
 q - a +4 chain mail of poison resistance (worn)
Jewellery
 l - a ring of wizardry (left hand)
 o - an amulet of guardian spirit (around neck)
Wands
 r - a wand of polymorph (4)
Scrolls
 g - a scroll of identify {unknown}
 h - 2 scrolls of fog {unknown}
 i - a scroll of fear {unknown}
 j - a scroll of blinking {unknown}
 t - 3 scrolls of teleportation {unknown}
 u - a scroll of immolation {unknown}
 w - a scroll of remove curse {unknown}
Potions
 d - a potion of might
 e - 2 potions of ambrosia {unknown}
 k - a potion of flight {unknown}
 n - a potion of curing {unknown}
 p - a potion of mutation {unknown}
 s - a potion of brilliance {unknown}
 v - a potion of degeneration {unknown}
Comestibles
 f - 4 rations


   Skills:
 - Level 3.2 Fighting
 + Level 5.7 Maces & Flails
 - Level 3.2 Armour
 - Level 3.2 Shields


You had 4 spell levels left.
You didn't know any spells.
Your spell library was empty.

Dungeon Overview and Level Annotations

Branches:
Dungeon (4/15)
 Temple: D:4-7

Altars:
Qazlal
Yredelemnul


Innate Abilities, Weirdness & Mutations

You are resistant to torment.
Your stone body is resilient. (AC +4)
You are immune to poison.
You resist negative energy. (rN+)
You are resistant to electric shocks. (rElec)
You can survive without breathing.
You are immune to petrification.
You are immune to rotting.


Message History

The orc warrior hits you with a +0 hand axe!
You are too injured to fight recklessly!
You are too injured to fight recklessly!
You are too injured to fight recklessly!
You are too injured to fight recklessly!
You are too injured to fight recklessly!
You are too injured to fight recklessly!
You are too injured to fight recklessly!
You are too injured to fight recklessly!
You hit the orc warrior but do no damage.
The orc warrior is severely wounded.
The orc warrior hits you with a +0 hand axe!
* * * LOW HITPOINT WARNING * * *
You closely miss the orc warrior.
The orc warrior is severely wounded.
You block the orc warrior's attack.
Your shield and chain mail prevent you from hitting the orc warrior.
The orc warrior is severely wounded.
The orc warrior hits you with a +0 hand axe!
You die...

#...## ##....#.#####
#....####..###..##..#
....).<##.## #.##...#
....##.....# #.#...##
....##.....###.#...#
#....#.###.#.......#
#.....<#.....#.....#
....#....##........#
#...............@o.#
.......###.........#
####....#####..#.<.#
.....#†.....#.##...#
..####†####...######
#.# ##.# #..##
#.###..# ####
#.##..## #.#..##


You could see an orc warrior.

Vanquished Creatures
  Blork the orc (D:4)
  A jelly (D:3)
  3 adders
  5 worms (D:2)
  A leopard gecko (D:2)
  3 ball pythons (D:1)
  4 bats (D:1)
  A giant cockroach (D:2)
  3 goblins
  7 hobgoblins
  3 jackals (D:1)
  A quokka (D:4)
  5 frilled lizards
  11 kobolds
  5 rats
54 creatures vanquished.

Notes
Turn   | Place    | Note
-------+----------+-------------------------------------------
     0 | D:1      | Delamore the Gargoyle Fighter began the quest for the Orb.
     0 | D:1      | Reached XP level 1. HP: 14/14 MP: 1/1
   112 | D:1      | Reached XP level 2. HP: 19/19 MP: 2/2
   131 | D:1      | Reached skill level 3 in Maces & Flails
   412 | D:1      | Reached XP level 3. HP: 23/23 MP: 3/3
   563 | D:2      | Found a basalt altar of Yredelemnul.
   844 | D:2      | Reached skill level 4 in Maces & Flails
  1050 | D:2      | Reached XP level 4. HP: 27/28 MP: 4/4
  1102 | D:2      | You fall into a shaft and drop 2 floors!
  1102 | D:4      | Noticed Blork the orc
  1108 | D:4      | Found a stormy altar of Qazlal.
  1125 | D:4      | Killed Blork the orc
  1125 | D:4      | Reached skill level 5 in Maces & Flails
  1125 | D:4      | Reached XP level 5. HP: 30/32 MP: 5/5
  1190 | D:4      | Became a worshipper of Qazlal Stormbringer
  1497 | D:2      | Found a faded altar of an unknown god.
  1735 | D:3      | Noticed an orc warrior
  1928 | D:2      | Slain by an orc warrior

Illustrated notes

Levels and vault maps discovered:
D:1:      scummos_arrival_star, layout_rooms, minmay_indecisive_spiral
D:2:      layout_rooms, yredelemnul_altar_generic,
          chequers_ecumenical_altar_island
D:3:      layout_loops_corners, lemuel_round_altar,
          chequers_temple_overflow_statue_of_worship, first_ration
D:4:      layout_loops_ring, lemuel_coloured_pillars_altar, uniq_blork_the_orc

Skill      XL: |  1  2  3  4 |
---------------+-------------+-----
Maces & Flails | 3 4 5 |  5.7
Fighting       | |  3.2
Armour         | |  3.2
Shields        | |  3.2

Action                   |  1- 3 |  4- 6 || total
-------------------------+-------+-------++-------
Melee: Flail             |   190 |   115 ||   305
  Eat: Chunk             |     1 |     3 ||     4
Armor: Scale mail        |   150 |       ||   150
       Chain mail        |       |    55 ||    55
Dodge: Dodged            |    95 |    18 ||   113
Block: Kite shield       |   152 |    43 ||   195
